 Dungeon Crawl Stone Soup version 0.31-a0-325-g067879e3d3 (webtiles) character file.

Game seed: 15746226318668208925

159 Dittersdorf the Shield-Bearer (level 5, -3/33 HPs)
             Began as a Gargoyle Fighter on July 18, 2023.
             Killed from afar by Natasha (7 damage)
             ... with a magic dart
             ... on level 3 of the Dungeon.
             The game lasted 00:02:34 (2087 turns).

Dittersdorf the Shield-Bearer (Gargoyle Fighter)    Turns: 2087, Time: 00:02:34

Health: -3/33      AC: 11    Str: 22    XL:     5   Next: 40%
Magic:  5/5        EV:  9    Int:  8    God:
Gold:   155        SH:  5    Dex: 15    Spells: 4/4 levels left

rFire   . . .        a - +0 flail
rCold   . . .        c - +0 buckler
rNeg    + . .        b - +0 scale mail
rPois   ∞            (no helmet)
rElec   +            (no cloak)
rCorr   .            (no gloves)
SInv    .            (no boots)
Will    .....        (no amulet) Stlth
                     g - +6 ring of dexterity
HPRegen 0.25/turn    (no ring)
MPRegen 0.09/turn

%: no passive effects
@: slowed, very slow
A: sickness immunity, AC +4, negative energy resistance 1, electricity
resistance, torment resistance 1, petrification resistance
a: no special abilities


You were on level 3 of the Dungeon.
You visited 1 branch of the dungeon, and saw 3 of its levels.

You collected 155 gold pieces.

Inventory:

Hand Weapons
 a - a +0 flail (weapon)
Missiles
 n - 3 poisoned darts (quivered)
Armour
 b - a +0 scale mail (worn)
 c - a +0 buckler (worn)
Jewellery
 g - a +6 ring of dexterity (left hand)
Talismans
 f - a dragon-blood talisman
Scrolls
 e - a scroll of teleportation {unknown}
 i - a scroll of identify {unknown}
 k - a scroll of poison {unknown}
 l - 2 scrolls of fear {unknown}
Potions
 d - a potion of might
 h - 3 potions of heal wounds {unknown}
 j - a potion of curing {unknown}
 m - a potion of lignification {unknown}
 o - a potion of invisibility {unknown}


   Skills:
 + Level 4.3 Fighting
 + Level 3.2 Maces & Flails
 + Level 4.2 Armour
 + Level 4.3 Shields


You had 4 spell levels left.
You didn't know any spells.
Your spell library contained the following spells:

 Spells                   Type           Power      Damage    Failure   Level
 Magic Dart               Conj           0%         1d3       80%         1
 Searing Ray              Conj           0%         2d4       90%         2
 Ozocubu's Armour         Ice            0%         N/A       99%         3
 Fulminant Prism          Conj/Hex       0%         3d5       100%        4
 Ozocubu's Refrigeration  Ice            0%         4d7       100%        7


Dungeon Overview and Level Annotations

Branches:
Dungeon (3/15)

Altars:

Annotations:
D:3 Ijyb, Natasha


Innate Abilities, Weirdness & Mutations

You are immune to sickness and miasma.
Your stone body is resilient. (AC +4)
You are immune to poison.
You resist negative energy. (rN+)
You are resistant to electric shocks. (rElec)
You are resistant to unholy torment.
You are immune to petrification.


Message History

Natasha wildly gestures.
Natasha's front paws start to glow.
The bat hits you but does no damage. x2
The bat hits you but does no damage. x2
Natasha mumbles some strange words.
You feel troubled. You block the bat's attack.
Natasha mewls in sadness.
Natasha stares at you and mumbles some strange words.
You resist with some effort. The bat hits you but does no damage.
The cerulean imp closely misses you. You block the bat's attack.
Ijyb screams, "No!
No, no, no, no!"
The bat hits you but does no damage.
Ijyb screams, "It's all mine!"
The cerulean imp hits you from afar with a +0 spear.
Natasha claws you. The bat hits you but does no damage. x2
The cerulean imp hits you but does no damage.
Natasha claws you. The bat attacks as you move away!
The bat hits you but does no damage. x2
The bat misses you.
The cerulean imp hits you but does no damage.
The bat attacks as you move away! The bat hits you but does no damage.
Natasha attacks as you move away! Natasha claws you but does no damage.
You block the bat's attack. The bat hits you. Natasha barely misses you.
The bat completely misses you.
The cerulean imp hits you from afar with a +0 spear.
* * * LOW HITPOINT WARNING * * *
Ijyb attacks as you move away! Ijyb hits you with a +0 dagger.
* * * LOW HITPOINT WARNING * * *
The bat attacks as you move away! The bat barely misses you.
Natasha attacks as you move away! Natasha claws you.
* * * LOW HITPOINT WARNING * * *
The bat closely misses you. The bat hits you but does no damage.
The cerulean imp disappears in a puff of smoke!
The bat hits you but does no damage. Natasha barely misses you.
Natasha stares at you and mumbles some strange words.
The magic dart hits you!
You die...

#......#.#...........#...
#.........###......#....# ....#
#.........# #......#.#..# ....#
#.........###........####
....#####......#...........#....#
............#.............#..#.#
###...........................# .
..#..........##.....#####.###.###
#.#..........bg.@................
#............##h....####..###.###
###.######.......#### ##..# #.#
##.######.......# #...# #.#
##......##.......# #...# #..
.#......##.######### #...# ###
.#......##.........####......
.##.##############.#.........#
.##.#####......................


You could see Ijyb, Natasha and a bat.

Vanquished Creatures
  Natasha (D:3)
  2 orc wizards
  2 adders (D:2)
  A worm (D:2)
  A dart slug (D:1)
  2 orcs (D:2)
  3 ball pythons
  6 bats
  4 endoplasms
  2 giant cockroaches
  3 goblins
  9 hobgoblins
  5 quokkas
  4 frilled lizards
  6 kobolds
  7 rats
58 creatures vanquished.

Notes
Turn   | Place    | Note
-------+----------+-------------------------------------------
     0 | D:1      | Dittersdorf the Gargoyle Fighter began the quest for the
                  | Orb.
     0 | D:1      | Reached XP level 1. HP: 14/14 MP: 1/1
    74 | D:1      | Reached XP level 2. HP: 19/19 MP: 2/2
   360 | D:1      | Reached XP level 3. HP: 24/24 MP: 3/3
   591 | D:1      | Found a faded altar of an unknown god.
  1068 | D:2      | Reached XP level 4. HP: 26/29 MP: 4/4
  1735 | D:3      | Reached XP level 5. HP: 19/33 MP: 5/5
  1937 | D:3      | Noticed Natasha
  1942 | D:3      | Killed Natasha
  2048 | D:3      | Noticed Ijyb
  2073 | D:3      | Noticed Natasha
  2087 | D:3      | Killed from afar by Natasha

Illustrated notes

Levels and vault maps discovered:
D:1:      amcnicky_arrival_choice, layout_loops_ring,
          shapermc_ecumenical_altar_flowoftime
D:2:      layout_loops_ring, kennysheep_generic_room_16
D:3:      layout_basic, uniq_natasha, uniq_jessica, uniq_ijyb

Skill      XL: |  1  2  3  4 |
---------------+-------------+-----
Fighting       | 4 |  4.3
Armour         | 4 |  4.2
Shields        | 4 |  4.3
Maces & Flails | 3 |  3.2

Action                     |  1- 3 |  4- 6 || total
---------------------------+-------+-------++-------
  Melee: Flail             |    92 |    91 ||   183
 Armour: Scale mail        |    47 |    97 ||   144
  Dodge: Dodged            |    52 |    57 ||   109
  Block: Buckler           |    26 |    29 ||    55

Table legend: (Time is in decaauts)
 A = Elapsed time spent in this place.
 B = Non-inter-level travel time spent in this place.
 C = Inter-level travel time spent in this place.
 D = Time resting spent in this place.
 E = Time spent auto-exploring this place.
 F = Levels seen in this place.
 G = Mean time per level.
                   A        B        C        D        E       F      G
               +--------+--------+--------+--------+--------+-----+--------+
         Total |   2150 |   2084 |     66 |    113 |   1478 |   3 |  716.7 |
       Dungeon |   2150 |   2084 |     66 |    113 |   1478 |   3 |  716.7 |
               +--------+--------+--------+--------+--------+-----+--------+

Top non-repeatable levels by time:
     D:2: 925 daAuts
     D:1: 810 daAuts
     D:3: 414 daAuts
